cohdb
Replays
Latest Replays
All Replays
Popular Replays
Top Player Replays
Match Explorer
How It Works
Community
CoH3 Stats
Reddit
Sign in to upload your games and track your stats! →
Sign in with Steam
Match 44361293
Unlisted
Match 44361293
Overview
Messages
Build Orders
End
Construct Barracks
Selects Armored Battlegroup
Selects Veteran Crews
Riflemen Squad
Riflemen Squad
Grenade Package
Riflemen Squad
Construct Medical Station
Infantry Support Center
Construct Weapon Support Center
Selects Fast Deploy
M3 Armored Personnel Carrier
Engineer Squad
M1918 Browning Automatic Rifles
最后一战
咚咚锵个腿
0
0
Comments
sign in to comment!
No comments posted yet!